 Dungeon Crawl Stone Soup version 0.29-a0-284-gf9362112df (webtiles) character file.

Game seed: 15040476970745968913

499 spaghetti the Agent of Entropy (level 6, 39/55 HPs)
             Began as a Deep Dwarf Abyssal Knight on Mar 25, 2022.
             Was a Priest of Lugonu.
             Quit the game on level 6 of the Dungeon.
             The game lasted 00:05:10 (2206 turns).

spaghetti the Agent of Entropy (DDAK)               Turns: 2206, Time: 00:05:11

Health: 39/55      AC:  5    Str: 22 (23) XL:     6   Next: 94%
Magic:  0/0 (9)    EV: 11    Int:  8 (10) God:    Lugonu [***...]
Gold:   84         SH:  0    Dex: 13      Spells: 5/5 levels left

rFire   + + .      SeeInvis .   d - +0 morningstar {mace}
rCold   + . .      Faith    .   (no shield)
rNeg    . . .      Spirit   .   b - +1 leather armour
rPois   .          Reflect  .   (helmet restricted)
rElec   .          Harm     .   s - +0 cloak
rCorr   .          Rampage  .   (no gloves)
Will    .....                   (no boots)
Stlth   +++.......              (no amulet)
HPRegen 0.00/turn               k - ring of ice
MPRegen 0.07/turn               q - ring of Rationality {rF+++ MP-9 Str+6}

@: no status effects
A: damage resistance, heal wounds, sense surroundings 1, no regeneration, horns
1, clumsy 1
a: Heal Wounds, Renounce Religion, Depart the Abyss, Bend Space, Banish


You were on level 6 of the Dungeon.
You worshipped Lugonu.
Lugonu was most pleased with you.
You visited 1 branch of the dungeon, and saw 6 of its levels.
You visited the Abyss 1 time.

You collected 84 gold pieces.


Innate Abilities, Weirdness & Mutations

You are resistant to damage.
You can heal yourself by infusing magical energy.
You passively map a small area around you.
You do not regenerate.
You have a pair of small horns on your head.
You are clumsy. (Dex -2)


   Skills:
 - Level 2.6 Fighting
 - Level 1.7 Short Blades
 - Level 2.1 Armour
 - Level 1.1 Dodging
 + Level 6.5 Stealth
 + Level 7.1 Invocations


You had 5 spell levels left.
You didn't know any spells.
Your spell library contained the following spells:

 Spells                   Type           Power      Damage    Failure   Level
 Ozocubu's Armour         Ice            0%         N/A       83%         3
 Tukima's Dance           Hex            0%         N/A       83%         3
 Passage of Golubria      Tloc           0%         N/A       99%         4
 Metabolic Englaciation   Hex/Ice        0%         N/A       100%        5
 Yara's Violent Unravell  Hex/Tmut       0%         3d3       100%        5
 Simulacrum               Ice/Necr       0%         N/A       100%        6

Inventory:

Hand Weapons
 a - a +1 short sword {short}
 d - a +0 morningstar (weapon) {mace}
   (You took it off an orc on level 3 of the Dungeon)
Missiles
 c - 118 stones (quivered) {throwing}
 n - 2 throwing nets {=f!fthrowing}
 p - 7 boomerangs {throwing}
Armour
 b - a +1 leather armour (worn)
 g - the +1 ring mail "Cisishru" {SInv}
   (You found it on level 5 of the Dungeon)

   SInv:      It lets you see invisible.
 s - a +0 cloak (worn)
   (You found it on level 5 of the Dungeon)
Magical Staves
 e - a staff of cold {!astaff}
   (You found it on level 5 of the Dungeon)
Jewellery
 k - a ring of ice (left hand)
   (You found it on level 2 of the Dungeon)
 q - the ring of Rationality (right hand) {rF+++ MP-9 Str+6}
   (You found it on level 5 of the Dungeon)

   [ring of strength]

   Str:       It affects your strength (+6).
   rF:        It renders you almost immune to fire.
   MP:        It affects your magic capacity (-9).
Wands
 o - a wand of polymorph (14)
   (You found it on level 2 of the Dungeon)
Scrolls
 f - a scroll of brand weapon {unknown}
 h - a scroll of vulnerability {unknown}
 j - 2 scrolls of enchant armour
 r - a scroll of teleportation {unknown}
Potions
 i - a potion of flight
 l - 2 potions of haste {@q3}
 m - 2 potions of curing {@q1}

Dungeon Overview and Level Annotations

Branches:
Dungeon (6/15)
 Temple: D:4-7

Altars:
Gozag

Shops:
D:6 (*

Annotations:
D:3 Grinder
D:6 exclusion: centaur

,, #.....###..#
........#*##......#....
........###............
........##8.<.∩.>.8....
.......................
,
z...............#.#....
,,
.......>.###......#,,..
W.........##.#....# ,
...!...@.###.#....#..
......................
,,,
.......##..............
* .....##
#.PPP..#..#.### , ..###
#..∩P.###.#.# , , *. *
#.PPP.# .... #.....#
..### , ####.## .. #..,
,


You could see a phantom (dormant) and a wight (dormant).


Message History

There is a stone staircase leading down here.
Unknown command.
You puncture the black bear!
You kill the black bear!
Lugonu accepts your kill.
You feel your dexterity returning.
Your Stealth skill increases to level 6!
You see here a black bear corpse.
There is a stone staircase leading down here.
You climb downwards.
Level annotation: exclusion: centaur The sky beast flickers out of sight!
Deactivating autopickup; reactivate with Ctrl-A.
Something hits you. Something shocks you.
A sky beast appears from thin air!
Reactivating autopickup.
The sky beast hits you. The sky beast shocks you.
There is a stone staircase leading up, spattered with blood here. 😮 HP[-11]
You take 11 damage, and now have 30/55 hp.
Unknown command.
The jelly closely misses you. The sky beast closely misses you.
You climb upwards.
There is a stone staircase leading down here.
Unknown command.
Unknown command.
You see here a black bear corpse.
You closely miss the sky beast. You headbutt the sky beast!
The sky beast barely misses you.
You puncture the sky beast! The sky beast closely misses you.
The sky beast barely misses you.
You closely miss the sky beast. Your headbutt misses the sky beast.
You punch the sky beast, but do no damage.
The sky beast hits you but does no damage.
You miss the sky beast. The sky beast hits you. The sky beast shocks you.
* * * LOW HITPOINT WARNING * * *
The sky beast flickers out of sight!
Deactivating autopickup; reactivate with Ctrl-A.
Something hits you. Something shocks you.
* * * LOW HITPOINT WARNING * * *
😨 HP[-8]
You take 8 damage, and now have 22/55 hp.
You barely miss something. Something hits you but does no damage.
You closely miss something. Something hits you but does no damage.
Something hits you. Something shocks you.
* * * LOW HITPOINT WARNING * * *
😨 HP[-3]
You take 3 damage, and now have 19/55 hp.
You completely miss something. Your headbutt misses something.
Something hits you but does no damage.
Your magical essence is drained by the effort!
You feel much better.
Something hits you but does no damage. 😕 HP[+26]
You regained 26 hp, and now have 45/55 hp.
You barely miss something. Something hits you but does no damage.
Something hits you. Something shocks you. 😮 HP[-4]
You take 4 damage, and now have 41/55 hp.
You miss something. You headbutt something. Lugonu accepts your kill.
Reactivating autopickup.
You feel a bit more experienced.
You feel your intelligence returning.
Your Invocations skill increases to level 7!
You hit the jelly.
Your hands burn!
You headbutt the jelly! The jelly closely misses you.
The jelly hits you but does no damage. 😮 HP[-2]
You take 2 damage, and now have 39/55 hp.
You puncture the jelly!
You kill the jelly!
Lugonu accepts your kill.
You swing at nothing.
Done exploring.
Done exploring.
Done exploring.
Done exploring.
Done exploring.
There is a stone staircase leading down here.
You see here a sky beast corpse.
There is an open door here.
There is an open door here.
There is an opulent altar of Gozag here.
There is an open door here.
There is an open door here.
There is a stone staircase leading down here.
You climb downwards.
Level annotation: exclusion: centaur
Found a scroll of enchant armour.
Found Footenyin's Assorted Antiques.
Found two stone staircases leading down.
There is a stone staircase leading up here.
There is an entrance to Footenyin's Assorted Antiques here.
Found Enofieb's Antique Weapon Emporium.
j - 2 scrolls of enchant armour (gained 1)
There are no items here.
There is an entrance to Enofieb's Antique Weapon Emporium here.
Unknown command.
A phantom and a wight come into view.
The wight is wielding a +3 great sword of freezing.
There are monsters nearby!
There are monsters nearby!
Are you sure you want to abandon this character and quit the game? (Confirm with "yes".)

Skill      XL: |  1  2  3  4  5  6 |
---------------+-------------------+-----
Stealth        | 1 2 3 4 5 6 |  6.5
Invocations    | 3 4 5 6 7 |  7.1
Fighting       | |  2.6
Short Blades   | |  1.7
Armour         | |  2.1
Dodging        | |  1.1

Action                   |  1- 3 |  4- 6 || total
-------------------------+-------+-------++-------
Melee: Short sword       |    89 |    22 ||   111
       Morningstar       |       |    27 ||    27
       Headbutt          |       |    13 ||    13
       Punch             |       |     1 ||     1
Throw: Stone             |       |     6 ||     6
 Abil: Heal Wounds       |       |     4 ||     4
Evoke: Wand              |       |     4 ||     4
  Use: Potion            |     2 |     6 ||     8
       Scroll            |     1 |     4 ||     5
 Stab: Sleeping          |     3 |     3 ||     6
Armor: Leather armour    |    11 |    19 ||    30
       Skin              |    41 |       ||    41
Dodge: Dodged            |    23 |    24 ||    47

Levels and vault maps discovered:
D:1:      scummos_arrival_star, layout_basic
D:2:      layout_basic
D:3:      layout_basic, minivault_24, minmay_guardbox, uniq_grinder
D:4:      cheibrodos_pilgrimage, layout_gridville, gup_sewer_entry_bubbles,
          serial_shops, nicolae_shop_behind_doors,
          nicolae_shop_bloodbath_and_beyond, shop, hangedman_decor_riveting,
          minmay_misc_feat_diagonals, sigmund_edmund_badplayer
D:5:      layout_loops_corners, kennysheep_mini, st_stairs_7
D:6:      layout_cave_pools, minmay_temple_entry_gardened_gates, serial_shops,
          nicolae_shop_overgrown_old_shop, shop, nicolae_stop_n_shop_2

Notes
Turn   | Place    | Note
-------+----------+-------------------------------------------
     0 | Abyss:1  | spaghetti the Deep Dwarf Abyssal Knight began the quest for
                  | the Orb.
     0 | Abyss:1  | Reached XP level 1. HP: 20/20 MP: 2/2
     0 | Abyss:1  | magus.rc [v1.9.6]
    50 | D:1      | You pass through the gate.
    50 | D:1      | Escaped the Abyss
   271 | D:1      | Reached skill level 1 in Stealth
   284 | D:1      | Reached skill level 3 in Invocations
   361 | D:1      | Reached XP level 2. HP: 21/27 MP: 4/4
   364 | D:1      | You pick up a book of Winter and begin reading...
   364 | D:1      | You add the spells Ozocubu's Armour, Metabolic Englaciation
                  | and Simulacrum to your library.
   667 | D:2      | Reached skill level 2 in Stealth
   873 | D:3      | Reached skill level 4 in Invocations
   873 | D:3      | Reached XP level 3. HP: 16/33 MP: 4/6
   881 | D:3      | Reached skill level 3 in Stealth
   916 | D:3      | Reached XP level 4. HP: 18/40 MP: 7/7
   921 | D:3      | Noticed a phantom
   927 | D:3      | Killed a phantom
   927 | D:3      | Reached *** piety under Lugonu
   928 | D:3      | Reached skill level 4 in Stealth
   928 | D:3      | Reached skill level 5 in Invocations
   928 | D:3      | Reached XP level 5. HP: 21/46 MP: 8/8
   980 | D:3      | Noticed Grinder
  1101 | D:4      | Reached skill level 5 in Stealth
  1168 | D:4      | Gained mutation: You are clumsy. (Dex -2) [potion of
                  | mutation]
  1168 | D:4      | Gained mutation: You have a pair of small horns on your
                  | head. [potion of mutation]
  1218 | D:4      | HP: 11/46 [orc/boomerang (1)]
  1234 | D:5      | Entered Level 5 of the Dungeon
  1345 | D:5      | Identified the +1 ring mail "Cisishru" {SInv}
  1615 | D:5      | Reached skill level 6 in Invocations
  1617 | D:5      | You add the spells Tukima's Dance, Passage of Golubria and
                  | Yara's Violent Unravelling to your library.
  1746 | D:5      | Identified the ring of Rationality {rF+++ MP-9 Str+6}
  1772 | D:5      | Found an opulent altar of Gozag.
  1932 | D:5      | Reached XP level 6. HP: 19/55 MP: 0/9
  2113 | D:6      | Noticed a sky beast
  2122 | D:5      | Reached skill level 6 in Stealth
  2138 | D:5      | Killed a sky beast
  2139 | D:5      | Reached skill level 7 in Invocations
  2185 | D:6      | Found Footenyin's Assorted Antiques.
  2189 | D:6      | Found Enofieb's Antique Weapon Emporium.
  2206 | D:6      | Quit the game

Vanquished Creatures
  A sky beast (D:5)
  A black bear (D:5)
  A phantom (D:3)
  A bullfrog (D:4)
  A howler monkey (D:3)
  A jelly (D:5)
  2 iguanas (D:5)
  An orc wizard (D:3)
  A worm (D:5)
  A dart slug (D:4)
  6 orcs
  4 ball pythons
  A bat (D:1)
  5 endoplasms
  A giant cockroach (D:1)
  2 goblins (D:4)
  3 hobgoblins
  2 quokkas
  A frilled lizard (D:2)
  2 rats (D:1)
38 creatures vanquished.

Vanquished Creatures (others)
  A plant (D:4)
1 creature vanquished.

Grand Total: 39 creatures vanquished

Table legend:
 A = Non-vault XP
 B = Vault XP
 C = Vault XP percentage of total XP
 D = Non-vault monster count
 E = Vault monster count
 F = Vault count percentage of total count
                 A         B        C        D         E       F
            +---------+---------+-------+---------+---------+-------
      Total |     708 |       5 |   0.7 |      37 |       1 |   2.6
            +---------+---------+-------+---------+---------+-------
        D:1 |      19 |       0 |   0.0 |      11 |       0 |   0.0
        D:2 |       7 |       0 |   0.0 |       4 |       0 |   0.0
        D:3 |     205 |       0 |   0.0 |       9 |       0 |   0.0
        D:4 |      98 |       0 |   0.0 |       5 |       0 |   0.0
        D:5 |     379 |       5 |   1.3 |       8 |       1 |  11.1
            +---------+---------+-------+---------+---------+-------

Illustrated notes

Table legend:
 A = Kills in this place as a percentage of kills in entire the game.
 B = Kills by you in this place as a percentage of kills by you in the entire game.
 C = Kills by friends in this place as a percentage of kills by friends in the entire game.
 D = Other kills in this place as a percentage of other kills in the entire game.
 E = Experience gained in this place as a percentage of experience gained in the entire game.
 F = Experience gained in this place divided by the number of levels of this place that you have seen.
                   A       B       C       D       E      F
               +-------+-------+-------+-------+-------+----------------------
         Total | 100.0 | 100.0 |   N/A |   N/A | 100.0 | 101.9
       Dungeon | 100.0 | 100.0 |   N/A |   N/A | 100.0 | 118.8
               +-------+-------+-------+-------+-------+----------------------

Table legend: (Time is in decaauts)
 A = Elapsed time spent in this place.
 B = Non-inter-level travel time spent in this place.
 C = Inter-level travel time spent in this place.
 D = Time resting spent in this place.
 E = Time spent auto-exploring this place.
 F = Levels seen in this place.
 G = Mean time per level.
                   A        B        C        D        E       F      G
               +--------+--------+--------+--------+--------+-----+--------+
         Total |   2205 |   1968 |    237 |     10 |   1466 |   7 |  315.0 |
       Dungeon |   2155 |   1918 |    237 |     10 |   1422 |   6 |  359.2 |
         Abyss |     50 |     50 |      0 |      0 |     44 |   1 |   50.0 |
               +--------+--------+--------+--------+--------+-----+--------+

Top non-repeatable levels by time:
     D:5: 935 daAuts
     D:1: 512 daAuts
     D:3: 338 daAuts
     D:2: 194 daAuts
     D:4: 135 daAuts
 Abyss:1: 50 daAuts
     D:6: 39 daAuts
